[ PARTIDA AOE2 · #473143826 ]
UnrankedCumanos vs Britons
Equipo del jugador · DERR
[ ANÁLISIS DE REPETICIÓN · EXTRAÍDO DE LA PARTIDA GRABADA ]
Feudal
8:51
Castillos
20:09
Imperial
32:20
| APM promedio | 48.8 |
| APM pico | 100 |
| eAPM promedio | 24.0 |
| Aldeanos / militares | 131 / 657 |
Foco
⚔️ 41.3% · 🌾 58.7%
Scout Cavalry ×448 · Knight ×122 · Kipchak ×84 · Trade Cart ×6 · Monk ×2 · Trebuchet (Packed) ×1
Feudal
11:21
Castillos
15:07
Imperial
43:55
| APM promedio | 36.5 |
| APM pico | 75 |
| eAPM promedio | 21.7 |
| Aldeanos / militares | 222 / 661 |
Foco
⚔️ 46.5% · 🌾 53.5%
Spearman ×281 · Scout Cavalry ×147 · Battle Elephant ×111 · Arambai ×103 · Trade Cart ×19 · Trebuchet (Packed) ×10
Feudal
10:57
Castillos
14:27
Imperial
45:34
| APM promedio | 49.9 |
| APM pico | 98 |
| eAPM promedio | 28.6 |
| Aldeanos / militares | 269 / 367 |
Foco
⚔️ 33.8% · 🌾 66.2%
Spearman ×229 · Longbowman ×133 · Trade Cart ×49 · Trebuchet (Packed) ×4 · Militia ×1
Feudal
11:21
Castillos
14:53
Imperial
26:35
| APM promedio | 45.1 |
| APM pico | 96 |
| eAPM promedio | 26.3 |
| Aldeanos / militares | 238 / 507 |
Foco
⚔️ 35.5% · 🌾 64.5%
Spearman ×460 · Trade Cart ×31 · Bombard Cannon ×17 · Monk ×16 · Battering Ram ×5 · Trebuchet (Packed) ×4
Feudal
11:21
Castillos
14:56
Imperial
28:32
| APM promedio | 46.1 |
| APM pico | 104 |
| eAPM promedio | 23.2 |
| Aldeanos / militares | 143 / 773 |
Foco
⚔️ 34.4% · 🌾 65.6%
Boyar ×326 · Spearman ×320 · Genitour ×116 · Trade Cart ×19 · Battering Ram ×9 · Monk ×2
Feudal
12:11
Castillos
16:06
Imperial
20:22
| APM promedio | 40.8 |
| APM pico | 73 |
| eAPM promedio | 27.0 |
| Aldeanos / militares | 226 / 322 |
Foco
⚔️ 39.0% · 🌾 61.0%
Scout Cavalry ×131 · Hand Cannoneer ×108 · Trade Cart ×58 · Cavalry Archer ×51 · Bombard Cannon ×26 · Trebuchet (Packed) ×4
Feudal
10:06
Castillos
13:47
Imperial
24:02
| APM promedio | 34.5 |
| APM pico | 74 |
| eAPM promedio | 19.1 |
| Aldeanos / militares | 258 / 233 |
Foco
⚔️ 29.1% · 🌾 70.9%
Genitour ×104 · Mameluke ×90 · Monk ×30 · Trade Cart ×29 · Trebuchet (Packed) ×7 · Bombard Cannon ×2
Feudal
11:21
Castillos
14:54
Imperial
32:03
| APM promedio | 38.2 |
| APM pico | 72 |
| eAPM promedio | 20.8 |
| Aldeanos / militares | 129 / 750 |
Foco
⚔️ 53.6% · 🌾 46.4%
Scout Cavalry ×510 · Camel Archer ×189 · Camel Scout ×51 · Trade Cart ×5
Mapa de la partida
Recursos iniciales + cada clic de construcción. Líneas = muros · curvas = relieve. ◆ oro · ⬟ piedra · ● bayas · ✦ reliquia · ◌ hueco del cierre
Tu base· Abierta — flanco sin cerrar
Base de BøM_八府巡案包龍星· Abierta — hueco de 4t
Base de Hansdampf· Abierta — flanco sin cerrar
Base de BøM_antihack.exe· Abierta — flanco sin cerrar
Base de OIDA | Gleipdonir· Abierta — flanco sin cerrar
Base de IamSheuu· Abierta — flanco sin cerrar
Base de OIDA | Tasty· Abierta — flanco sin cerrar
Base de OIDA | onkyox· Abierta — flanco sin cerrar
Terreno inicial suavizado · ◌ = hueco del cierre detectado · pasá el cursor para detalles
Inputs por minuto
— 鋼鐵藍腳頭 - - BøM_八府巡案包龍星
Build order — 鋼鐵藍腳頭
Primeras 150 de 548 acciones detectadas
| 0:01 | Crear | Villager (Male) |
| 0:01 | Crear | Villager (Male) |
| 0:03 | Construir | House |
| 0:05 | Construir | House |
| 0:09 | Construir | House |
| 0:12 | Crear | Villager (Male) |
| 0:12 | Crear | Villager (Male) |
| 0:13 | Crear | Villager (Male) |
| 1:28 | Crear | Villager (Male) |
| 1:29 | Crear | Villager (Male) |
| 2:03 | Crear | Villager (Male) |
| 2:12 | Construir | Lumber Camp |
| 2:28 | Crear | Villager (Male) |
| 2:38 | Crear | Villager (Male) |
| 2:54 | Crear | Villager (Male) |
| 3:32 | Crear | Villager (Male) |
| 3:33 | Crear | Villager (Male) |
| 3:52 | Construir | House |
| 3:54 | Crear | Villager (Male) |
| 3:58 | Crear | Villager (Male) |
| 3:58 | Crear | Villager (Male) |
| 3:59 | Crear | Villager (Male) |
| 4:35 | Crear | Villager (Male) |
| 4:35 | Crear | Villager (Male) |
| 4:35 | Crear | Villager (Male) |
| 4:57 | Crear | Villager (Male) |
| 5:59 | Construir | Mill |
| 6:02 | Construir | Mill |
| 6:40 | Investigar | Feudal Age |
| 7:46 | Construir | Mill |
| 8:23 | Crear | Villager (Male) |
| 8:51 | Edad | Edad Feudal |
| 8:56 | Construir | Town Center |
| 9:12 | Construir | House |
| 9:15 | Crear | Villager (Male) |
| 9:39 | Construir | House |
| 9:41 | Crear | Villager (Male) |
| 9:55 | Crear | Villager (Male) |
| 10:00 | Construir | House |
| 10:05 | Investigar | Double-Bit Axe |
| 10:23 | Investigar | Horse Collar |
| 10:23 | Crear | Villager (Male) |
| 10:26 | Crear | Villager (Male) |
| 10:37 | Crear | Villager (Male) |
| 10:40 | Construir | House |
| 10:50 | Construir | Farm |
| 10:53 | Crear | Villager (Male) |
| 11:00 | Crear | Villager (Male) |
| 11:03 | Construir | Farm |
| 11:11 | Crear | Villager (Male) |
| 11:15 | Construir | Farm |
| 11:17 | Construir | Farm |
| 11:21 | Crear | Villager (Male) |
| 11:28 | Crear | Villager (Male) |
| 11:37 | Construir | Farm |
| 11:39 | Construir | Farm |
| 11:46 | Crear | Villager (Male) |
| 11:50 | Construir | Farm |
| 12:00 | Construir | Farm |
| 12:15 | Crear | Villager (Male) |
| 12:17 | Construir | Farm |
| 12:21 | Construir | Farm |
| 12:29 | Crear | Villager (Male) |
| 12:31 | Construir | Farm |
| 12:40 | Crear | Villager (Male) |
| 12:44 | Construir | Farm |
| 12:54 | Construir | Farm |
| 12:55 | Crear | Villager (Male) |
| 13:01 | Construir | House |
| 13:03 | Crear | Villager (Male) |
| 13:07 | Construir | Farm |
| 13:12 | Crear | Villager (Male) |
| 13:25 | Construir | Farm |
| 13:28 | Crear | Villager (Male) |
| 13:37 | Crear | Villager (Male) |
| 13:42 | Construir | House |
| 13:44 | Crear | Villager (Male) |
| 13:47 | Construir | Farm |
| 13:51 | Construir | Farm |
| 13:59 | Crear | Villager (Male) |
| 14:02 | Construir | Farm |
| 14:15 | Crear | Villager (Male) |
| 14:26 | Crear | Villager (Male) |
| 14:37 | Construir | Barracks |
| 14:39 | Crear | Villager (Male) |
| 14:51 | Crear | Villager (Male) |
| 14:55 | Crear | Villager (Male) |
| 15:07 | Construir | Mining Camp |
| 15:10 | Crear | Villager (Male) |
| 15:15 | Construir | Farm |
| 15:25 | Crear | Villager (Male) |
| 15:33 | Construir | Blacksmith |
| 15:35 | Crear | Villager (Male) |
| 15:55 | Crear | Villager (Male) |
| 16:02 | Construir | Stable |
| 16:04 | Crear | Villager (Male) |
| 16:06 | Construir | Farm |
| 16:13 | Crear | Villager (Male) |
| 16:18 | Construir | Lumber Camp |
| 16:21 | Crear | Villager (Male) |
| 16:29 | Construir | House |
| 16:42 | Crear | Villager (Male) |
| 16:58 | Crear | Villager (Male) |
| 17:09 | Investigar | Castle Age |
| 17:15 | Construir | Stable |
| 17:18 | Crear | Villager (Male) |
| 17:24 | Construir | House |
| 17:25 | Construir | House |
| 17:26 | Crear | Villager (Male) |
| 17:36 | Investigar | Gold Mining |
| 17:41 | Construir | Farm |
| 17:45 | Construir | Farm |
| 17:54 | Crear | Villager (Male) |
| 17:59 | Construir | Farm |
| 18:02 | Construir | Farm |
| 18:31 | Construir | Stable |
| 18:33 | Construir | House |
| 18:39 | Crear | Villager (Male) |
| 18:42 | Investigar | Wheelbarrow |
| 18:50 | Crear | Villager (Male) |
| 18:53 | Construir | Farm |
| 18:56 | Construir | Farm |
| 19:08 | Investigar | Scale Barding Armor |
| 19:09 | Investigar | Forging |
| 19:14 | Investigar | Bloodlines |
| 19:20 | Construir | Lumber Camp |
| 19:26 | Construir | Farm |
| 19:33 | Construir | Farm |
| 19:39 | Construir | House |
| 19:40 | Construir | House |
| 19:59 | Construir | Farm |
| 20:09 | Edad | Edad de los Castillos |
| 20:10 | Investigar | Chain Barding Armor |
| 20:11 | Crear | Knight |
| 20:11 | Crear | Knight |
| 20:12 | Crear | Knight |
| 20:20 | Investigar | Bow Saw |
| 20:25 | Crear | Villager (Male) |
| 20:35 | Crear | Knight |
| 20:36 | Crear | Knight |
| 20:39 | Crear | Villager (Male) |
| 20:42 | Construir | Farm |
| 20:44 | Construir | Farm |
| 20:47 | Construir | Farm |
| 20:50 | Construir | House |
| 20:51 | Construir | House |
| 20:57 | Crear | Knight |
| 20:58 | Crear | Knight |
| 20:58 | Crear | Villager (Male) |
| 21:02 | Construir | Farm |
Build order — BøM_八府巡案包龍星
Primeras 150 de 616 acciones detectadas
| 0:01 | Crear | Villager (Male) |
| 0:01 | Crear | Villager (Male) |
| 0:01 | Crear | Villager (Male) |
| 0:02 | Crear | Villager (Male) |
| 0:03 | Construir | House |
| 0:04 | Construir | House |
| 0:24 | Construir | House |
| 1:30 | Crear | Villager (Male) |
| 1:30 | Crear | Villager (Male) |
| 1:56 | Crear | Villager (Male) |
| 2:17 | Crear | Villager (Male) |
| 2:17 | Crear | Villager (Male) |
| 2:35 | Crear | Villager (Male) |
| 2:35 | Crear | Villager (Male) |
| 3:03 | Crear | Villager (Male) |
| 3:10 | Construir | Lumber Camp |
| 3:36 | Crear | Villager (Male) |
| 3:37 | Crear | Villager (Male) |
| 3:50 | Crear | Villager (Male) |
| 3:50 | Crear | Villager (Male) |
| 3:54 | Construir | House |
| 4:10 | Crear | Villager (Male) |
| 4:28 | Crear | Villager (Male) |
| 4:28 | Crear | Villager (Male) |
| 4:36 | Construir | Palisade Wall |
| 4:37 | Construir | Palisade Wall |
| 4:41 | Construir | Palisade Wall |
| 4:43 | Construir | Palisade Wall |
| 5:02 | Crear | Villager (Male) |
| 5:12 | Crear | Villager (Male) |
| 5:12 | Crear | Villager (Male) |
| 5:41 | Crear | Villager (Male) |
| 5:46 | Construir | House |
| 5:57 | Construir | House |
| 6:04 | Construir | Mill |
| 6:05 | Crear | Villager (Male) |
| 6:05 | Crear | Villager (Male) |
| 6:45 | Crear | Villager (Male) |
| 6:46 | Crear | Villager (Male) |
| 6:46 | Crear | Villager (Male) |
| 7:23 | Crear | Villager (Male) |
| 7:23 | Crear | Villager (Male) |
| 8:24 | Construir | Mining Camp |
| 8:35 | Construir | Mining Camp |
| 9:08 | Investigar | Feudal Age |
| 10:26 | Construir | Farm |
| 10:27 | Construir | Farm |
| 10:52 | Crear | Villager (Male) |
| 10:52 | Crear | Villager (Male) |
| 11:21 | Edad | Edad Feudal |
| 11:22 | Construir | Market |
| 11:25 | Construir | Blacksmith |
| 11:52 | Construir | Farm |
| 11:56 | Construir | Farm |
| 12:27 | Investigar | Castle Age |
| 12:27 | Investigar | Castle Age |
| 13:05 | Investigar | Gold Mining |
| 13:18 | Construir | House |
| 13:18 | Construir | House |
| 14:15 | Investigar | Horse Collar |
| 14:27 | Crear | Villager (Male) |
| 14:59 | Crear | Villager (Male) |
| 15:00 | Crear | Villager (Male) |
| 15:07 | Edad | Edad de los Castillos |
| 15:09 | Construir | Castle |
| 15:31 | Crear | Villager (Male) |
| 15:31 | Crear | Villager (Male) |
| 16:17 | Crear | Villager (Male) |
| 16:17 | Crear | Villager (Male) |
| 16:57 | Crear | Arambai ×5 |
| 16:57 | Crear | Arambai ×5 |
| 16:59 | Crear | Villager (Male) |
| 17:00 | Crear | Villager (Male) |
| 17:44 | Crear | Villager (Male) |
| 17:45 | Crear | Villager (Male) |
| 17:50 | Construir | Farm |
| 17:51 | Construir | Farm |
| 18:00 | Crear | Arambai |
| 18:20 | Crear | Arambai ×2 |
| 18:46 | Crear | Villager (Male) |
| 18:46 | Crear | Villager (Male) |
| 19:00 | Construir | Castle |
| 19:04 | Crear | Arambai |
| 19:04 | Crear | Arambai |
| 19:08 | Investigar | Padded Archer Armor |
| 19:27 | Crear | Villager (Male) |
| 19:34 | Crear | Arambai ×2 |
| 19:36 | Crear | Villager (Male) |
| 19:36 | Crear | Villager (Male) |
| 19:50 | Construir | Barracks |
| 19:55 | Construir | House |
| 19:56 | Construir | House |
| 20:01 | Crear | Villager (Male) |
| 20:10 | Construir | Farm |
| 20:12 | Construir | Farm |
| 20:24 | Crear | Villager (Male) |
| 20:25 | Crear | Villager (Male) |
| 20:35 | Construir | Farm |
| 20:55 | Construir | Stable |
| 20:58 | Construir | House |
| 20:59 | Construir | House |
| 21:13 | Crear | Villager (Male) |
| 21:13 | Crear | Villager (Male) |
| 21:14 | Crear | Villager (Male) |
| 21:21 | Construir | Mining Camp |
| 21:23 | Crear | Villager (Male) |
| 21:23 | Crear | Villager (Male) |
| 21:28 | Crear | Arambai |
| 21:28 | Crear | Arambai |
| 21:40 | Construir | Lumber Camp |
| 22:09 | Crear | Arambai |
| 22:20 | Investigar | Husbandry |
| 22:20 | Investigar | Husbandry |
| 22:27 | Crear | Arambai ×2 |
| 22:27 | Crear | Arambai ×2 |
| 22:46 | Crear | Arambai ×2 |
| 22:46 | Crear | Arambai ×2 |
| 22:56 | Construir | Farm |
| 23:03 | Crear | Arambai |
| 23:03 | Crear | Villager (Male) |
| 23:04 | Crear | Villager (Male) |
| 23:04 | Crear | Villager (Male) |
| 23:23 | Construir | House |
| 23:23 | Construir | House |
| 23:24 | Construir | House |
| 23:24 | Construir | House |
| 23:24 | Construir | House |
| 23:32 | Crear | Arambai ×2 |
| 23:32 | Crear | Arambai ×2 |
| 23:53 | Crear | Arambai ×2 |
| 24:19 | Crear | Arambai ×4 |
| 24:20 | Crear | Villager (Male) ×3 |
| 24:20 | Crear | Villager (Male) ×3 |
| 24:50 | Crear | Villager (Male) |
| 24:51 | Crear | Villager (Male) |
| 25:09 | Crear | Villager (Male) |
| 25:11 | Construir | Town Center |
| 25:17 | Construir | Farm |
| 25:18 | Construir | Farm |
| 25:33 | Crear | Villager (Male) |
| 25:33 | Crear | Villager (Male) |
| 25:38 | Investigar | Loom |
| 25:56 | Crear | Villager (Male) |
| 25:56 | Crear | Villager (Male) |
| 25:59 | Crear | Arambai ×5 |
| 25:59 | Crear | Arambai ×5 |
| 25:59 | Crear | Arambai ×5 |
| 26:06 | Investigar | Bloodlines |
| 26:21 | Construir | House |
| 26:21 | Construir | House |
Build order — Hansdampf
Primeras 150 de 843 acciones detectadas
| 0:01 | Crear | Villager (Male) |
| 0:02 | Crear | Villager (Male) |
| 0:02 | Construir | House |
| 0:04 | Construir | House |
| 0:07 | Crear | Villager (Male) |
| 0:07 | Crear | Villager (Male) |
| 0:08 | Crear | Villager (Male) |
| 1:22 | Crear | Villager (Male) |
| 1:22 | Crear | Villager (Male) |
| 1:49 | Crear | Villager (Male) |
| 1:49 | Crear | Villager (Male) |
| 2:01 | Crear | Villager (Male) |
| 2:01 | Crear | Villager (Male) |
| 2:08 | Construir | Lumber Camp |
| 2:27 | Crear | Villager (Male) |
| 2:45 | Crear | Villager (Male) |
| 3:04 | Crear | Villager (Male) |
| 3:05 | Crear | Villager (Male) |
| 3:22 | Crear | Villager (Male) |
| 3:22 | Crear | Villager (Male) |
| 3:29 | Construir | House |
| 3:33 | Construir | House |
| 3:41 | Crear | Villager (Male) |
| 3:54 | Crear | Villager (Male) |
| 3:54 | Crear | Villager (Male) |
| 4:14 | Construir | Mill |
| 4:23 | Crear | Villager (Male) |
| 4:24 | Crear | Villager (Male) |
| 4:50 | Construir | Building 796 |
| 4:52 | Crear | Villager (Male) |
| 4:59 | Construir | Palisade Wall |
| 5:01 | Construir | Palisade Wall |
| 5:04 | Crear | Villager (Male) |
| 5:07 | Construir | Palisade Wall |
| 5:12 | Construir | Building 796 |
| 5:16 | Construir | Palisade Wall |
| 5:17 | Crear | Villager (Male) |
| 5:20 | Construir | Palisade Wall |
| 5:36 | Construir | Palisade Wall |
| 5:46 | Construir | Palisade Wall |
| 5:48 | Construir | Palisade Wall |
| 6:09 | Crear | Villager (Male) |
| 6:20 | Crear | Villager (Male) |
| 7:17 | Construir | Lumber Camp |
| 7:27 | Crear | Villager (Male) |
| 7:40 | Crear | Villager (Male) |
| 7:54 | Construir | Mining Camp |
| 8:06 | Investigar | Feudal Age |
| 8:07 | Investigar | Feudal Age |
| 8:11 | Construir | Mining Camp |
| 8:55 | Crear | Villager (Male) |
| 8:57 | Crear | Villager (Male) |
| 9:47 | Construir | House |
| 10:57 | Edad | Edad Feudal |
| 10:58 | Construir | Market |
| 10:59 | Construir | Blacksmith |
| 11:45 | Investigar | Castle Age |
| 11:45 | Investigar | Castle Age |
| 12:04 | Construir | Farm |
| 12:05 | Construir | Farm |
| 12:09 | Construir | Farm |
| 12:12 | Investigar | Double-Bit Axe |
| 12:34 | Investigar | Horse Collar |
| 12:34 | Investigar | Horse Collar |
| 13:03 | Construir | Farm |
| 13:40 | Crear | Villager (Male) |
| 14:27 | Edad | Edad de los Castillos |
| 14:35 | Construir | Castle |
| 14:38 | Construir | House |
| 14:40 | Crear | Villager (Male) |
| 14:58 | Investigar | Bow Saw |
| 15:08 | Construir | Town Center |
| 15:27 | Construir | Farm |
| 15:30 | Crear | Villager (Male) |
| 15:33 | Construir | Farm |
| 15:35 | Construir | Farm |
| 15:37 | Construir | Farm |
| 15:40 | Construir | Farm |
| 15:44 | Crear | Villager (Male) |
| 15:54 | Crear | Villager (Male) |
| 16:04 | Crear | Longbowman |
| 16:12 | Crear | Villager (Male) |
| 16:22 | Construir | Farm |
| 16:42 | Crear | Longbowman |
| 16:42 | Crear | Longbowman |
| 16:45 | Investigar | Fletching |
| 16:57 | Crear | Villager (Male) |
| 17:04 | Construir | Farm |
| 17:06 | Construir | Farm |
| 17:19 | Crear | Longbowman |
| 17:25 | Crear | Villager (Male) |
| 17:25 | Crear | Villager (Male) |
| 17:30 | Construir | Farm |
| 17:33 | Crear | Longbowman |
| 17:42 | Crear | Villager (Male) |
| 17:48 | Crear | Longbowman |
| 18:00 | Construir | Farm |
| 18:02 | Construir | Farm |
| 18:05 | Construir | Farm |
| 18:08 | Construir | Farm |
| 18:09 | Crear | Villager (Male) |
| 18:10 | Crear | Villager (Male) |
| 18:18 | Crear | Villager (Male) |
| 18:29 | Crear | Villager (Male) |
| 18:43 | Construir | Farm |
| 18:45 | Construir | Farm |
| 18:47 | Construir | Farm |
| 18:49 | Crear | Villager (Male) |
| 18:56 | Crear | Villager (Male) |
| 19:01 | Crear | Longbowman |
| 19:09 | Construir | Farm |
| 19:13 | Investigar | Gold Mining |
| 19:18 | Construir | Farm |
| 19:19 | Crear | Villager (Male) |
| 19:24 | Crear | Longbowman |
| 19:24 | Crear | Longbowman |
| 19:26 | Crear | Villager (Male) |
| 19:26 | Crear | Villager (Male) |
| 19:30 | Construir | House |
| 19:31 | Construir | House |
| 19:36 | Construir | Outpost |
| 19:38 | Construir | Outpost |
| 19:40 | Investigar | Town Watch |
| 19:42 | Investigar | Loom |
| 19:45 | Crear | Villager (Male) |
| 19:45 | Crear | Villager (Male) |
| 19:46 | Crear | Villager (Male) |
| 19:55 | Investigar | Wheelbarrow |
| 19:56 | Investigar | Wheelbarrow |
| 19:56 | Crear | Villager (Male) |
| 19:56 | Crear | Villager (Male) |
| 20:03 | Crear | Longbowman |
| 20:04 | Crear | Longbowman |
| 20:09 | Crear | Villager (Male) |
| 20:19 | Crear | Villager (Male) |
| 20:23 | Crear | Villager (Male) |
| 20:28 | Construir | Stone Wall |
| 20:29 | Construir | Stone Wall |
| 20:34 | Construir | Stone Wall |
| 20:38 | Construir | Stone Wall |
| 20:40 | Construir | Stone Wall |
| 20:41 | Construir | Stone Wall |
| 20:52 | Investigar | Bodkin Arrow |
| 20:55 | Crear | Villager (Male) |
| 20:59 | Construir | House |
| 20:59 | Construir | House |
| 21:00 | Crear | Villager (Male) |
| 21:15 | Crear | Villager (Male) |
| 21:28 | Construir | Town Center |
| 21:35 | Crear | Villager (Male) |
Build order — BøM_antihack.exe
Primeras 150 de 651 acciones detectadas
| 0:00 | Crear | Villager (Male) |
| 0:01 | Crear | Villager (Male) |
| 0:01 | Crear | Villager (Male) |
| 0:01 | Crear | Villager (Male) |
| 0:02 | Construir | House |
| 0:03 | Construir | House |
| 1:07 | Crear | Villager (Male) |
| 1:07 | Crear | Villager (Male) |
| 2:01 | Crear | Villager (Male) |
| 2:01 | Crear | Villager (Male) |
| 2:03 | Crear | Villager (Male) |
| 2:03 | Crear | Villager (Male) |
| 2:11 | Construir | Lumber Camp |
| 2:54 | Crear | Villager (Male) |
| 2:54 | Crear | Villager (Male) |
| 3:03 | Crear | Villager (Male) |
| 3:03 | Crear | Villager (Male) |
| 3:32 | Construir | House |
| 3:33 | Construir | House |
| 3:33 | Construir | House |
| 3:34 | Crear | Villager (Male) |
| 3:35 | Crear | Villager (Male) |
| 3:50 | Crear | Villager (Male) |
| 3:50 | Crear | Villager (Male) |
| 4:13 | Construir | Mill |
| 4:27 | Construir | Palisade Wall |
| 4:28 | Crear | Villager (Male) |
| 4:29 | Crear | Villager (Male) |
| 4:33 | Construir | Palisade Wall |
| 4:34 | Construir | Palisade Wall |
| 4:37 | Construir | Palisade Wall |
| 4:41 | Construir | Palisade Wall |
| 4:45 | Construir | Palisade Wall |
| 4:50 | Construir | Palisade Wall |
| 4:53 | Crear | Villager (Male) |
| 4:53 | Crear | Villager (Male) |
| 4:57 | Construir | Palisade Wall |
| 5:00 | Construir | Palisade Wall |
| 5:01 | Construir | Palisade Wall |
| 5:04 | Construir | Palisade Wall |
| 5:11 | Construir | Palisade Wall |
| 5:14 | Construir | Palisade Wall |
| 5:16 | Construir | Palisade Wall |
| 5:19 | Construir | Palisade Wall |
| 5:22 | Construir | Palisade Wall |
| 5:23 | Construir | Palisade Wall |
| 5:24 | Crear | Villager (Male) |
| 5:24 | Crear | Villager (Male) |
| 5:25 | Crear | Villager (Male) |
| 5:27 | Construir | Palisade Wall |
| 5:29 | Construir | Palisade Wall |
| 5:40 | Construir | House |
| 6:02 | Crear | Villager (Male) |
| 6:02 | Crear | Villager (Male) |
| 6:02 | Crear | Villager (Male) |
| 6:41 | Crear | Villager (Male) |
| 6:41 | Crear | Villager (Male) |
| 7:05 | Crear | Villager (Male) |
| 7:36 | Crear | Villager (Male) |
| 7:36 | Crear | Villager (Male) |
| 7:36 | Crear | Villager (Male) |
| 8:08 | Construir | Mining Camp |
| 8:39 | Construir | Lumber Camp |
| 9:01 | Investigar | Feudal Age |
| 10:16 | Crear | Villager (Male) |
| 10:17 | Crear | Villager (Male) |
| 10:41 | Construir | Farm |
| 10:42 | Construir | Farm |
| 10:44 | Construir | Farm |
| 11:21 | Edad | Edad Feudal |
| 11:22 | Construir | Market |
| 11:26 | Construir | Market |
| 11:30 | Construir | Blacksmith |
| 11:51 | Construir | House |
| 11:51 | Construir | House |
| 11:52 | Construir | House |
| 12:14 | Investigar | Castle Age |
| 12:14 | Investigar | Castle Age |
| 12:27 | Investigar | Double-Bit Axe |
| 12:39 | Construir | Farm |
| 12:41 | Construir | Farm |
| 13:05 | Investigar | Horse Collar |
| 14:08 | Construir | Farm |
| 14:19 | Construir | Farm |
| 14:22 | Construir | Farm |
| 14:37 | Crear | Villager (Male) |
| 14:53 | Edad | Edad de los Castillos |
| 14:56 | Crear | Villager (Male) |
| 14:57 | Investigar | Bow Saw |
| 15:01 | Construir | Town Center |
| 15:05 | Construir | Town Center |
| 15:28 | Construir | Farm |
| 15:32 | Crear | Villager (Male) |
| 15:35 | Construir | Farm |
| 15:47 | Crear | Villager (Male) |
| 15:54 | Construir | Farm |
| 16:04 | Crear | Villager (Male) |
| 16:20 | Investigar | Heavy Plow |
| 16:40 | Crear | Villager (Male) |
| 16:41 | Crear | Villager (Male) |
| 16:50 | Construir | Farm |
| 16:52 | Construir | Farm |
| 16:53 | Crear | Villager (Male) |
| 17:02 | Construir | Outpost |
| 17:04 | Crear | Villager (Male) |
| 17:05 | Crear | Villager (Male) |
| 17:05 | Crear | Villager (Male) |
| 17:05 | Crear | Villager (Male) |
| 17:10 | Construir | Farm |
| 17:19 | Crear | Villager (Male) |
| 17:19 | Crear | Villager (Male) |
| 17:42 | Crear | Villager (Male) ×2 |
| 17:43 | Crear | Villager (Male) ×2 |
| 17:48 | Construir | Farm |
| 17:50 | Construir | Farm |
| 17:52 | Construir | Farm |
| 17:59 | Construir | Outpost |
| 18:03 | Crear | Villager (Male) ×2 |
| 18:03 | Crear | Villager (Male) ×2 |
| 18:13 | Crear | Villager (Male) |
| 18:22 | Construir | Farm |
| 18:24 | Construir | Farm |
| 18:28 | Construir | Farm |
| 18:32 | Construir | House |
| 18:33 | Construir | House |
| 18:36 | Construir | House |
| 18:37 | Construir | House |
| 18:42 | Construir | House |
| 18:43 | Construir | House |
| 18:45 | Crear | Villager (Male) |
| 18:45 | Crear | Villager (Male) |
| 18:45 | Crear | Villager (Male) |
| 18:46 | Crear | Villager (Male) |
| 18:59 | Construir | Farm |
| 19:00 | Construir | Farm |
| 19:01 | Construir | Farm |
| 19:03 | Crear | Villager (Male) |
| 19:03 | Crear | Villager (Male) |
| 19:13 | Construir | Farm |
| 19:17 | Construir | Farm |
| 19:18 | Crear | Villager (Male) |
| 19:19 | Crear | Villager (Male) |
| 19:19 | Crear | Villager (Male) |
| 19:34 | Construir | Siege Workshop |
| 19:40 | Construir | Siege Workshop |
| 19:43 | Crear | Villager (Male) ×3 |
| 19:43 | Crear | Villager (Male) ×3 |
| 19:54 | Crear | Villager (Male) |
| 19:54 | Crear | Villager (Male) |
| 20:01 | Crear | Villager (Male) |
Build order — OIDA | Gleipdonir
Primeras 150 de 595 acciones detectadas
| 0:00 | Crear | Villager (Male) |
| 0:01 | Crear | Villager (Male) |
| 0:02 | Construir | House |
| 0:03 | Construir | House |
| 0:09 | Crear | Villager (Male) |
| 0:15 | Crear | Villager (Male) |
| 1:28 | Crear | Villager (Male) |
| 1:51 | Construir | Lumber Camp |
| 1:59 | Crear | Villager (Male) |
| 1:59 | Crear | Villager (Male) |
| 2:12 | Crear | Villager (Male) |
| 2:48 | Crear | Villager (Male) |
| 3:00 | Crear | Villager (Male) |
| 3:25 | Construir | Mill |
| 3:34 | Crear | Villager (Male) |
| 3:47 | Construir | House |
| 3:55 | Crear | Villager (Male) |
| 4:14 | Construir | House |
| 4:26 | Crear | Villager (Male) |
| 4:34 | Construir | House |
| 4:42 | Crear | Villager (Male) |
| 5:14 | Crear | Villager (Male) |
| 5:32 | Crear | Villager (Male) |
| 5:37 | Construir | House |
| 6:04 | Crear | Villager (Male) |
| 6:24 | Crear | Villager (Male) |
| 6:33 | Construir | Mill |
| 6:40 | Crear | Villager (Male) |
| 6:46 | Crear | Villager (Male) |
| 7:00 | Crear | Villager (Male) |
| 7:09 | Crear | Villager (Male) |
| 7:23 | Crear | Villager (Male) |
| 7:41 | Crear | Villager (Male) |
| 8:05 | Construir | Mining Camp |
| 8:33 | Crear | Villager (Male) |
| 8:41 | Crear | Villager (Male) |
| 9:06 | Investigar | Feudal Age |
| 9:17 | Construir | Farm |
| 9:19 | Construir | Farm |
| 9:21 | Construir | Farm |
| 9:35 | Crear | Villager (Male) |
| 9:36 | Crear | Villager (Male) |
| 11:21 | Edad | Edad Feudal |
| 11:23 | Construir | Blacksmith |
| 11:27 | Construir | Market |
| 12:16 | Investigar | Castle Age |
| 12:19 | Investigar | Double-Bit Axe |
| 12:41 | Investigar | Horse Collar |
| 12:44 | Construir | Farm |
| 12:45 | Construir | Farm |
| 12:52 | Crear | Villager (Male) |
| 12:53 | Crear | Villager (Male) |
| 13:02 | Construir | House |
| 13:03 | Construir | House |
| 13:04 | Construir | House |
| 13:07 | Crear | Villager (Male) |
| 13:15 | Construir | Farm |
| 13:18 | Crear | Villager (Male) |
| 14:01 | Crear | Villager (Male) |
| 14:32 | Construir | Farm |
| 14:35 | Construir | Farm |
| 14:56 | Edad | Edad de los Castillos |
| 15:06 | Construir | Town Center |
| 15:24 | Construir | Town Center |
| 15:33 | Construir | House |
| 15:34 | Construir | House |
| 15:38 | Investigar | Wheelbarrow |
| 15:45 | Investigar | Bow Saw |
| 15:46 | Crear | Villager (Male) |
| 15:47 | Crear | Villager (Male) |
| 15:48 | Crear | Villager (Male) |
| 15:53 | Construir | Farm |
| 16:11 | Crear | Villager (Male) |
| 16:16 | Crear | Villager (Male) |
| 16:27 | Investigar | Heavy Plow |
| 16:35 | Crear | Villager (Male) |
| 16:38 | Construir | House |
| 16:40 | Crear | Villager (Male) |
| 17:01 | Crear | Villager (Male) |
| 17:02 | Crear | Villager (Male) |
| 17:03 | Crear | Villager (Male) |
| 17:03 | Crear | Villager (Male) |
| 17:11 | Crear | Villager (Male) |
| 17:13 | Crear | Villager (Male) |
| 17:16 | Construir | House |
| 17:17 | Construir | House |
| 17:22 | Construir | Farm |
| 17:22 | Construir | Farm |
| 17:22 | Construir | Farm |
| 17:23 | Construir | Farm |
| 17:23 | Construir | Farm |
| 17:32 | Construir | Farm |
| 17:34 | Crear | Villager (Male) |
| 17:34 | Crear | Villager (Male) |
| 17:43 | Crear | Villager (Male) |
| 17:44 | Crear | Villager (Male) |
| 17:58 | Construir | Farm |
| 18:01 | Crear | Villager (Male) |
| 18:01 | Crear | Villager (Male) |
| 18:06 | Construir | Farm |
| 18:13 | Construir | Farm |
| 18:15 | Crear | Villager (Male) |
| 18:28 | Crear | Villager (Male) |
| 18:38 | Crear | Villager (Male) |
| 18:45 | Construir | Farm |
| 18:47 | Crear | Villager (Male) |
| 18:48 | Crear | Villager (Male) |
| 18:52 | Construir | House |
| 18:53 | Construir | House |
| 18:54 | Construir | House |
| 19:00 | Crear | Villager (Male) |
| 19:02 | Construir | Farm |
| 19:02 | Construir | Farm |
| 19:03 | Construir | Farm |
| 19:03 | Construir | Farm |
| 19:03 | Construir | Farm |
| 19:12 | Crear | Villager (Male) |
| 19:12 | Crear | Villager (Male) |
| 19:14 | Crear | Villager (Male) |
| 19:24 | Investigar | Loom |
| 19:25 | Crear | Villager (Male) |
| 19:36 | Crear | Villager (Male) |
| 19:37 | Crear | Villager (Male) |
| 19:46 | Construir | Farm |
| 19:46 | Construir | Farm |
| 19:47 | Construir | Farm |
| 19:47 | Construir | Farm |
| 19:47 | Construir | Farm |
| 19:47 | Construir | Farm |
| 19:54 | Crear | Villager (Male) |
| 19:54 | Crear | Villager (Male) |
| 20:03 | Construir | House |
| 20:05 | Crear | Villager (Male) |
| 20:37 | Construir | Town Center |
| 20:46 | Crear | Villager (Male) |
| 20:47 | Crear | Villager (Male) |
| 20:57 | Construir | House |
| 20:58 | Construir | House |
| 21:02 | Construir | Lumber Camp |
| 21:04 | Crear | Villager (Male) |
| 21:04 | Crear | Villager (Male) |
| 21:11 | Crear | Villager (Male) |
| 21:13 | Crear | Villager (Male) |
| 21:13 | Crear | Villager (Male) |
| 21:18 | Construir | Farm |
| 21:18 | Construir | Farm |
| 21:18 | Construir | Farm |
| 21:19 | Construir | Farm |
| 21:19 | Construir | Farm |
| 21:22 | Crear | Villager (Male) |
Build order — IamSheuu
Primeras 150 de 639 acciones detectadas
| 0:01 | Crear | Villager (Male) |
| 0:01 | Crear | Villager (Male) |
| 0:03 | Construir | House |
| 0:05 | Construir | House |
| 0:19 | Crear | Villager (Male) |
| 0:20 | Crear | Villager (Male) |
| 0:20 | Crear | Villager (Male) |
| 1:11 | Crear | Villager (Male) |
| 1:11 | Crear | Villager (Male) |
| 1:58 | Crear | Villager (Male) |
| 2:09 | Construir | Lumber Camp |
| 2:26 | Crear | Villager (Male) |
| 2:28 | Crear | Villager (Male) |
| 2:28 | Crear | Villager (Male) |
| 2:59 | Crear | Villager (Male) |
| 3:06 | Construir | House |
| 3:07 | Construir | House |
| 3:08 | Construir | House |
| 3:11 | Crear | Villager (Male) |
| 3:11 | Crear | Villager (Male) |
| 3:33 | Crear | Villager (Male) |
| 3:33 | Crear | Villager (Male) |
| 3:46 | Construir | House |
| 3:56 | Crear | Villager (Male) |
| 3:56 | Crear | Villager (Male) |
| 4:20 | Crear | Villager (Male) |
| 4:36 | Crear | Villager (Male) |
| 4:36 | Crear | Villager (Male) |
| 5:32 | Construir | Mill |
| 5:41 | Crear | Villager (Male) |
| 5:42 | Crear | Villager (Male) |
| 5:48 | Crear | Villager (Male) |
| 5:48 | Crear | Villager (Male) |
| 6:33 | Crear | Villager (Male) |
| 6:38 | Crear | Villager (Male) |
| 6:47 | Construir | Mill |
| 6:53 | Crear | Villager (Male) |
| 6:53 | Crear | Villager (Male) |
| 7:03 | Crear | Villager (Male) |
| 7:03 | Crear | Villager (Male) |
| 7:33 | Construir | Farm |
| 7:43 | Construir | Farm |
| 7:57 | Crear | Villager (Male) |
| 8:07 | Construir | Farm |
| 8:12 | Construir | Farm |
| 8:19 | Crear | Villager (Male) |
| 8:47 | Construir | Mining Camp |
| 9:46 | Investigar | Feudal Age |
| 10:53 | Crear | Villager (Male) |
| 10:53 | Crear | Villager (Male) |
| 11:08 | Construir | House |
| 11:30 | Construir | Farm |
| 11:32 | Construir | Farm |
| 12:11 | Edad | Edad Feudal |
| 12:13 | Construir | Market |
| 12:15 | Construir | Blacksmith |
| 12:55 | Investigar | Loom |
| 13:01 | Construir | Farm |
| 13:12 | Construir | Farm |
| 13:14 | Investigar | Castle Age |
| 13:14 | Investigar | Castle Age |
| 13:17 | Construir | Farm |
| 14:11 | Investigar | Double-Bit Axe |
| 15:00 | Construir | Stone Wall |
| 15:20 | Construir | Stone Wall |
| 16:06 | Edad | Edad de los Castillos |
| 16:18 | Construir | Siege Workshop |
| 16:20 | Construir | Monastery |
| 16:22 | Crear | Villager (Male) |
| 16:23 | Crear | Villager (Male) |
| 17:09 | Investigar | Imperial Age |
| 17:54 | Investigar | Horse Collar |
| 18:04 | Construir | Siege Workshop |
| 18:38 | Construir | House |
| 19:02 | Crear | Monk |
| 19:10 | Investigar | Bow Saw |
| 19:23 | Construir | House |
| 20:22 | Edad | Edad Imperial |
| 20:23 | Crear | Bombard Cannon |
| 20:24 | Crear | Bombard Cannon |
| 20:35 | Crear | Villager (Male) |
| 20:35 | Crear | Villager (Male) |
| 20:55 | Crear | Bombard Cannon |
| 20:55 | Crear | Bombard Cannon |
| 20:55 | Crear | Bombard Cannon |
| 21:07 | Crear | Bombard Cannon |
| 21:07 | Crear | Bombard Cannon |
| 21:07 | Crear | Bombard Cannon |
| 21:24 | Crear | Villager (Male) |
| 21:42 | Construir | Town Center |
| 22:19 | Crear | Villager (Male) |
| 22:19 | Crear | Villager (Male) |
| 22:21 | Construir | Farm |
| 22:32 | Construir | Farm |
| 22:33 | Construir | Farm |
| 22:34 | Construir | Farm |
| 22:37 | Construir | Farm |
| 22:38 | Crear | Villager (Male) |
| 22:38 | Crear | Villager (Male) |
| 22:43 | Crear | Villager (Male) |
| 22:53 | Construir | House |
| 22:54 | Construir | House |
| 22:58 | Construir | Farm |
| 23:03 | Construir | House |
| 23:18 | Construir | Farm |
| 23:23 | Crear | Villager (Male) |
| 23:24 | Crear | Villager (Male) |
| 23:30 | Construir | House |
| 23:37 | Crear | Villager (Male) |
| 23:38 | Crear | Villager (Male) |
| 24:05 | Construir | Farm |
| 24:13 | Investigar | Wheelbarrow |
| 24:15 | Construir | Farm |
| 24:29 | Crear | Villager (Male) |
| 24:29 | Crear | Villager (Male) |
| 24:38 | Crear | Villager (Male) |
| 24:38 | Crear | Villager (Male) |
| 24:41 | Construir | Farm |
| 25:16 | Crear | Villager (Male) |
| 25:23 | Crear | Bombard Cannon |
| 25:23 | Crear | Bombard Cannon |
| 25:40 | Crear | Villager (Male) |
| 25:41 | Crear | Villager (Male) |
| 25:46 | Investigar | Town Watch |
| 26:33 | Crear | Villager (Male) |
| 26:36 | Construir | Farm |
| 26:40 | Crear | Bombard Cannon |
| 26:40 | Crear | Bombard Cannon |
| 26:42 | Construir | Farm |
| 26:42 | Construir | Farm |
| 26:42 | Construir | Farm |
| 26:43 | Construir | Farm |
| 26:43 | Construir | Farm |
| 27:07 | Construir | House |
| 27:08 | Construir | House |
| 27:10 | Construir | Town Center |
| 27:11 | Crear | Villager (Male) |
| 27:18 | Construir | Farm |
| 27:44 | Crear | Villager (Male) |
| 27:44 | Crear | Villager (Male) |
| 27:57 | Crear | Villager (Male) |
| 27:57 | Crear | Villager (Male) |
| 27:57 | Crear | Villager (Male) |
| 27:58 | Investigar | Hand Cart |
| 27:58 | Investigar | Hand Cart |
| 28:03 | Construir | Farm |
| 28:13 | Construir | Farm |
| 28:17 | Investigar | Gold Mining |
| 28:17 | Investigar | Gold Mining |
| 28:18 | Investigar | Gold Mining |
Build order — OIDA | Tasty
Primeras 150 de 588 acciones detectadas
| 0:01 | Crear | Villager (Male) ×4 |
| 0:03 | Construir | House |
| 0:04 | Construir | House |
| 1:23 | Crear | Villager (Male) |
| 1:58 | Crear | Villager (Male) |
| 2:14 | Construir | Lumber Camp |
| 2:27 | Crear | Villager (Male) |
| 2:27 | Crear | Villager (Male) |
| 2:40 | Crear | Villager (Male) |
| 3:05 | Crear | Villager (Male) |
| 3:15 | Crear | Villager (Male) |
| 3:15 | Crear | Villager (Male) |
| 3:28 | Crear | Villager (Male) |
| 3:49 | Crear | Villager (Male) |
| 3:56 | Construir | House |
| 3:57 | Construir | House |
| 4:33 | Crear | Villager (Male) |
| 4:34 | Crear | Villager (Male) |
| 4:42 | Construir | House |
| 5:07 | Construir | Mill |
| 5:34 | Crear | Villager (Male) |
| 5:49 | Crear | Villager (Male) |
| 6:14 | Crear | Villager (Male) |
| 6:22 | Crear | Villager (Male) |
| 6:26 | Construir | Farm |
| 6:35 | Construir | Farm |
| 7:07 | Construir | Mill |
| 7:29 | Crear | Villager (Male) |
| 7:54 | Investigar | Feudal Age |
| 7:58 | Construir | Mining Camp |
| 9:29 | Crear | Villager (Male) |
| 9:30 | Crear | Villager (Male) |
| 10:06 | Edad | Edad Feudal |
| 10:07 | Construir | Market |
| 10:09 | Construir | Blacksmith |
| 11:07 | Investigar | Castle Age |
| 11:29 | Investigar | Double-Bit Axe |
| 12:45 | Investigar | Horse Collar |
| 13:47 | Edad | Edad de los Castillos |
| 13:49 | Crear | Villager (Male) |
| 14:15 | Construir | Castle |
| 14:18 | Crear | Villager (Male) |
| 14:23 | Investigar | Bow Saw |
| 14:26 | Investigar | Heavy Plow |
| 14:33 | Construir | Farm |
| 14:40 | Crear | Villager (Male) |
| 14:44 | Construir | Farm |
| 14:48 | Construir | Farm |
| 15:04 | Crear | Villager (Male) |
| 15:29 | Crear | Villager (Male) |
| 15:32 | Construir | Farm |
| 15:41 | Crear | Villager (Male) |
| 15:53 | Construir | Farm |
| 15:58 | Crear | Villager (Male) |
| 16:23 | Construir | Mining Camp |
| 16:25 | Crear | Villager (Male) |
| 16:30 | Construir | Farm |
| 16:43 | Construir | Farm |
| 16:47 | Construir | Farm |
| 16:49 | Crear | Villager (Male) |
| 17:06 | Construir | Farm |
| 17:08 | Construir | Farm |
| 17:25 | Crear | Villager (Male) |
| 17:28 | Construir | Farm |
| 17:32 | Construir | Farm |
| 17:43 | Crear | Villager (Male) |
| 18:01 | Crear | Villager (Male) |
| 18:08 | Construir | Monastery |
| 18:52 | Crear | Monk |
| 18:58 | Construir | Farm |
| 19:00 | Crear | Villager (Male) |
| 19:14 | Construir | Farm |
| 19:15 | Construir | Farm |
| 19:22 | Crear | Villager (Male) |
| 19:42 | Crear | Villager (Male) |
| 20:10 | Crear | Villager (Male) |
| 20:52 | Investigar | Imperial Age |
| 20:58 | Crear | Villager (Male) |
| 21:00 | Construir | House |
| 21:16 | Construir | Lumber Camp |
| 21:20 | Crear | Mameluke |
| 21:48 | Crear | Monk |
| 21:50 | Investigar | Gold Mining |
| 21:55 | Crear | Villager (Male) |
| 22:19 | Crear | Mameluke |
| 22:21 | Crear | Villager (Male) |
| 22:25 | Construir | Monastery |
| 22:33 | Investigar | Sanctity |
| 22:35 | Crear | Villager (Male) |
| 22:43 | Crear | Villager (Male) |
| 23:06 | Crear | Villager (Male) |
| 23:13 | Construir | University |
| 23:21 | Crear | Monk |
| 23:21 | Crear | Monk |
| 23:35 | Construir | Town Center |
| 23:54 | Crear | Mameluke |
| 23:59 | Crear | Villager (Male) |
| 24:02 | Edad | Edad Imperial |
| 24:07 | Investigar | Block Printing |
| 24:13 | Crear | Trebuchet (Packed) |
| 24:25 | Crear | Villager (Male) |
| 24:50 | Investigar | Illumination |
| 24:51 | Crear | Villager (Male) |
| 25:05 | Crear | Villager (Male) |
| 25:27 | Investigar | Chemistry |
| 25:28 | Crear | Villager (Male) |
| 25:32 | Crear | Monk |
| 25:37 | Crear | Villager (Male) |
| 25:47 | Crear | Trebuchet (Packed) |
| 25:52 | Crear | Villager (Male) |
| 25:56 | Construir | Farm |
| 26:26 | Construir | House |
| 26:27 | Construir | House |
| 26:27 | Construir | House |
| 26:31 | Investigar | Redemption |
| 26:52 | Crear | Villager (Male) |
| 26:55 | Construir | Town Center |
| 27:09 | Investigar | Wheelbarrow |
| 27:17 | Crear | Trebuchet (Packed) |
| 27:21 | Crear | Villager (Male) |
| 27:24 | Crear | Monk |
| 27:38 | Crear | Villager (Male) |
| 27:39 | Crear | Monk |
| 27:50 | Construir | Farm |
| 27:52 | Crear | Villager (Male) |
| 28:00 | Crear | Monk |
| 28:10 | Construir | Monastery |
| 28:11 | Crear | Villager (Male) |
| 28:18 | Crear | Villager (Male) |
| 28:21 | Crear | Villager (Male) |
| 28:31 | Crear | Villager (Male) |
| 28:44 | Crear | Villager (Male) |
| 28:46 | Crear | Villager (Male) |
| 28:49 | Crear | Villager (Male) |
| 28:52 | Crear | Villager (Male) |
| 28:56 | Crear | Trebuchet (Packed) |
| 29:08 | Construir | Watch Tower |
| 29:12 | Construir | House |
| 29:15 | Construir | Palisade Wall |
| 29:15 | Crear | Villager (Male) |
| 29:21 | Crear | Villager (Male) |
| 29:24 | Crear | Monk |
| 29:24 | Crear | Monk |
| 29:25 | Crear | Villager (Male) |
| 29:31 | Crear | Villager (Male) |
| 29:37 | Crear | Villager (Male) |
| 29:50 | Crear | Villager (Male) |
| 29:53 | Construir | House |
| 29:54 | Construir | House |
| 30:03 | Crear | Trebuchet (Packed) |
Build order — OIDA | onkyox
Primeras 150 de 767 acciones detectadas
| 0:01 | Crear | Villager (Male) |
| 0:01 | Crear | Villager (Male) |
| 0:02 | Construir | House |
| 0:03 | Construir | House |
| 0:45 | Crear | Villager (Male) |
| 1:05 | Crear | Villager (Male) |
| 1:31 | Crear | Villager (Male) |
| 1:45 | Construir | Lumber Camp |
| 1:58 | Crear | Villager (Male) |
| 1:58 | Crear | Villager (Male) |
| 2:19 | Crear | Villager (Male) |
| 2:19 | Crear | Villager (Male) |
| 2:47 | Crear | Villager (Male) |
| 2:47 | Crear | Villager (Male) |
| 3:10 | Crear | Villager (Male) |
| 3:35 | Crear | Villager (Male) |
| 3:54 | Construir | House |
| 3:57 | Construir | House |
| 3:58 | Construir | House |
| 4:01 | Crear | Villager (Male) |
| 4:01 | Crear | Villager (Male) |
| 4:18 | Crear | Villager (Male) |
| 4:18 | Crear | Villager (Male) |
| 4:34 | Construir | Mill |
| 4:41 | Crear | Villager (Male) |
| 4:41 | Crear | Villager (Male) |
| 5:22 | Crear | Villager (Male) |
| 5:22 | Crear | Villager (Male) |
| 6:05 | Crear | Villager (Male) |
| 6:05 | Crear | Villager (Male) |
| 6:05 | Crear | Villager (Male) |
| 6:35 | Construir | Mining Camp |
| 6:37 | Crear | Villager (Male) |
| 6:38 | Crear | Villager (Male) |
| 7:11 | Crear | Villager (Male) |
| 7:32 | Crear | Villager (Male) |
| 7:32 | Crear | Villager (Male) |
| 7:45 | Construir | Lumber Camp |
| 7:56 | Construir | Farm |
| 8:00 | Crear | Villager (Male) |
| 8:52 | Investigar | Feudal Age |
| 9:43 | Crear | Villager (Male) |
| 9:43 | Crear | Villager (Male) |
| 9:45 | Construir | House |
| 9:51 | Construir | Farm |
| 10:00 | Construir | Barracks |
| 11:21 | Edad | Edad Feudal |
| 11:23 | Construir | Stable |
| 11:31 | Construir | Blacksmith |
| 12:14 | Investigar | Castle Age |
| 12:14 | Investigar | Castle Age |
| 12:26 | Construir | Farm |
| 12:28 | Construir | Farm |
| 12:38 | Construir | Farm |
| 12:58 | Crear | Scout Cavalry |
| 13:04 | Construir | Farm |
| 13:16 | Investigar | Double-Bit Axe |
| 13:39 | Construir | Farm |
| 13:43 | Investigar | Horse Collar |
| 13:43 | Investigar | Horse Collar |
| 13:58 | Construir | Farm |
| 14:18 | Construir | House |
| 14:23 | Construir | Farm |
| 14:28 | Construir | Farm |
| 14:45 | Crear | Villager (Male) |
| 14:54 | Edad | Edad de los Castillos |
| 14:56 | Crear | Scout Cavalry |
| 14:56 | Crear | Scout Cavalry |
| 15:11 | Construir | Town Center |
| 15:17 | Crear | Villager (Male) |
| 15:30 | Construir | Farm |
| 15:30 | Investigar | Bow Saw |
| 15:44 | Crear | Villager (Male) |
| 15:55 | Construir | Farm |
| 15:57 | Crear | Villager (Male) |
| 16:09 | Crear | Scout Cavalry |
| 16:19 | Construir | Farm |
| 16:27 | Crear | Villager (Male) |
| 16:38 | Crear | Villager (Male) |
| 17:08 | Crear | Villager (Male) |
| 17:08 | Crear | Villager (Male) |
| 17:14 | Construir | Town Center |
| 17:33 | Crear | Villager (Male) |
| 17:35 | Crear | Villager (Male) |
| 17:35 | Crear | Villager (Male) |
| 17:40 | Crear | Villager (Male) |
| 17:46 | Construir | Farm |
| 17:47 | Construir | Farm |
| 18:00 | Crear | Scout Cavalry |
| 18:02 | Crear | Scout Cavalry |
| 18:09 | Construir | Farm |
| 18:12 | Construir | Farm |
| 18:13 | Crear | Villager (Male) |
| 18:17 | Construir | Farm |
| 18:35 | Crear | Villager (Male) |
| 18:35 | Crear | Villager (Male) |
| 18:53 | Construir | Farm |
| 18:54 | Crear | Villager (Male) |
| 18:55 | Investigar | Loom |
| 18:59 | Crear | Villager (Male) |
| 19:03 | Construir | Farm |
| 19:05 | Construir | Farm |
| 19:07 | Crear | Villager (Male) |
| 19:08 | Crear | Villager (Male) |
| 19:15 | Construir | House |
| 19:16 | Construir | House |
| 19:17 | Construir | House |
| 19:19 | Crear | Villager (Male) |
| 19:20 | Crear | Villager (Male) |
| 19:37 | Crear | Villager (Male) |
| 19:37 | Crear | Villager (Male) |
| 19:46 | Construir | Farm |
| 19:49 | Construir | Farm |
| 19:54 | Crear | Villager (Male) |
| 20:04 | Crear | Villager (Male) |
| 20:04 | Crear | Villager (Male) |
| 20:05 | Crear | Villager (Male) |
| 20:13 | Crear | Villager (Male) |
| 20:15 | Construir | Farm |
| 20:32 | Construir | Farm |
| 20:35 | Crear | Villager (Male) |
| 20:42 | Construir | Farm |
| 20:54 | Crear | Villager (Male) |
| 20:54 | Crear | Villager (Male) |
| 20:55 | Crear | Villager (Male) |
| 20:58 | Construir | Farm |
| 21:07 | Investigar | Light Cavalry (upgrade) |
| 21:24 | Crear | Villager (Male) |
| 21:25 | Crear | Villager (Male) |
| 21:34 | Investigar | Wheelbarrow |
| 21:47 | Crear | Villager (Male) |
| 21:47 | Crear | Villager (Male) |
| 22:11 | Construir | Market |
| 22:13 | Crear | Villager (Male) |
| 22:13 | Crear | Villager (Male) |
| 22:14 | Crear | Scout Cavalry |
| 22:14 | Crear | Scout Cavalry |
| 22:27 | Construir | Farm |
| 22:29 | Construir | Farm |
| 22:52 | Construir | Castle |
| 22:55 | Crear | Villager (Male) |
| 22:56 | Crear | Villager (Male) |
| 22:56 | Crear | Villager (Male) |
| 22:56 | Crear | Villager (Male) |
| 22:57 | Crear | Villager (Male) |
| 22:57 | Crear | Villager (Male) |
| 22:57 | Crear | Villager (Male) |
| 23:00 | Crear | Scout Cavalry |
| 23:03 | Investigar | Fletching |
| 23:06 | Construir | Farm |
Cronología de la partida
| 4:27 | BøM_antihack.exe · wall_segment Palisade Wall x1 |
| 4:33 | BøM_antihack.exe · wall_segment Palisade Wall x1 |
| 4:34 | BøM_antihack.exe · wall_segment Palisade Wall x1 |
| 4:36 | BøM_八府巡案包龍星 · wall_segment Palisade Wall x1 |
| 4:37 | BøM_八府巡案包龍星 · wall_segment Palisade Wall x1 |
| 4:37 | BøM_antihack.exe · wall_segment Palisade Wall x1 |
| 4:41 | BøM_antihack.exe · wall_segment Palisade Wall x1 |
| 4:41 | BøM_八府巡案包龍星 · wall_segment Palisade Wall x9 |
| 4:43 | BøM_八府巡案包龍星 · wall_segment Palisade Wall x6 |
| 4:45 | BøM_antihack.exe · wall_segment Palisade Wall x1 |
| 4:50 | BøM_antihack.exe · wall_segment Palisade Wall x1 |
| 4:57 | BøM_antihack.exe · wall_segment Palisade Wall x1 |
| 4:59 | Hansdampf · wall_segment Palisade Wall x1 |
| 5:00 | BøM_antihack.exe · wall_segment Palisade Wall x1 |
| 5:01 | Hansdampf · wall_segment Palisade Wall x1 |
| 5:01 | BøM_antihack.exe · wall_segment Palisade Wall x1 |
| 5:04 | BøM_antihack.exe · wall_segment Palisade Wall x1 |
| 5:07 | Hansdampf · wall_segment Palisade Wall x1 |
| 5:11 | BøM_antihack.exe · wall_segment Palisade Wall x1 |
| 5:14 | BøM_antihack.exe · wall_segment Palisade Wall x1 |
| 5:16 | BøM_antihack.exe · wall_segment Palisade Wall x1 |
| 5:16 | Hansdampf · wall_segment Palisade Wall x1 |
| 5:19 | BøM_antihack.exe · wall_segment Palisade Wall x1 |
| 5:20 | Hansdampf · wall_segment Palisade Wall x1 |
| 5:22 | BøM_antihack.exe · wall_segment Palisade Wall x1 |
| 5:23 | BøM_antihack.exe · wall_segment Palisade Wall x1 |
| 5:27 | BøM_antihack.exe · wall_segment Palisade Wall x1 |
| 5:29 | BøM_antihack.exe · wall_segment Palisade Wall x1 |
| 5:36 | Hansdampf · wall_segment Palisade Wall x1 |
| 5:46 | Hansdampf · wall_segment Palisade Wall x1 |
| 5:48 | Hansdampf · wall_segment Palisade Wall x1 |
| 8:51 | 鋼鐵藍腳頭 · age_up feudal |
| 10:00 | OIDA | onkyox · first_building Barracks |
| 10:06 | OIDA | Tasty · age_up feudal |
| 10:56 | OIDA | Tasty · first_market_sell 100 wood |
| 10:57 | Hansdampf · age_up feudal |
| 10:57 | OIDA | Tasty · first_market_buy 100 food |
| 11:21 | BøM_antihack.exe · age_up feudal |
| 11:21 | OIDA | Gleipdonir · age_up feudal |
| 11:21 | BøM_八府巡案包龍星 · age_up feudal |
| 11:21 | OIDA | onkyox · age_up feudal |
| 11:23 | OIDA | onkyox · first_building Stable |
| 12:11 | IamSheuu · age_up feudal |
| 13:47 | OIDA | Tasty · age_up castle |
| 14:15 | OIDA | Tasty · first_building Castle |
| 14:27 | Hansdampf · age_up castle |
| 14:35 | Hansdampf · first_building Castle |
| 14:37 | 鋼鐵藍腳頭 · first_building Barracks |
| 14:53 | BøM_antihack.exe · age_up castle |
| 14:54 | OIDA | onkyox · age_up castle |
| 14:56 | OIDA | Gleipdonir · age_up castle |
| 15:00 | IamSheuu · wall_segment Stone Wall x1 |
| 15:07 | BøM_八府巡案包龍星 · age_up castle |
| 15:09 | BøM_八府巡案包龍星 · first_building Castle |
| 15:16 | OIDA | Gleipdonir · first_market_buy 100 wood |
| 15:20 | IamSheuu · wall_segment Stone Wall x1 |
| 16:02 | 鋼鐵藍腳頭 · first_building Stable |
| 16:06 | IamSheuu · age_up castle |
| 16:18 | IamSheuu · first_building Siege Workshop |
| 16:20 | IamSheuu · first_building Monastery |
| 18:08 | OIDA | Tasty · first_building Monastery |
| 19:34 | BøM_antihack.exe · first_building Siege Workshop |
| 19:50 | BøM_八府巡案包龍星 · first_building Barracks |
| 20:09 | 鋼鐵藍腳頭 · age_up castle |
| 20:22 | IamSheuu · age_up imperial |
| 20:28 | Hansdampf · wall_segment Stone Wall x1 |
| 20:29 | Hansdampf · wall_segment Stone Wall x1 |
| 20:34 | Hansdampf · wall_segment Stone Wall x2 |
| 20:38 | Hansdampf · wall_segment Stone Wall x1 |
| 20:40 | Hansdampf · wall_segment Stone Wall x1 |
| 20:41 | Hansdampf · wall_segment Stone Wall x1 |
| 20:51 | Hansdampf · first_market_sell 100 wood |
| 20:55 | BøM_八府巡案包龍星 · first_building Stable |
| 20:59 | IamSheuu · first_market_sell 100 food |
| 22:23 | IamSheuu · first_market_buy 100 food |
| 22:49 | OIDA | onkyox · first_market_buy 100 stone |
| 22:52 | OIDA | onkyox · first_building Castle |
| 23:06 | OIDA | Gleipdonir · first_building Monastery |
| 23:47 | Hansdampf · first_market_buy 100 stone |
| 23:59 | OIDA | Gleipdonir · first_building Barracks |
| 24:02 | OIDA | Tasty · age_up imperial |
| 24:24 | BøM_antihack.exe · wall_segment Stone Wall x17 |
| 24:30 | OIDA | Gleipdonir · first_market_sell 100 wood |
| 25:01 | BøM_antihack.exe · first_building Castle |
| 25:23 | OIDA | Gleipdonir · first_building Castle |
| 25:48 | OIDA | Gleipdonir · first_building Stable |
| 25:56 | BøM_antihack.exe · wall_segment Stone Wall x1 |
| 25:58 | BøM_antihack.exe · wall_segment Stone Wall x1 |
| 26:01 | OIDA | onkyox · first_market_sell 100 wood |
| 26:02 | BøM_antihack.exe · wall_segment Stone Wall x5 |
| 26:15 | BøM_antihack.exe · tribute_sent a jugador 1 |
| 26:15 | BøM_antihack.exe · tribute_sent a jugador 2 |
| 26:15 | BøM_antihack.exe · tribute_sent a jugador 4 |
| 26:15 | BøM_antihack.exe · tribute_sent a jugador 5 |
| 26:15 | BøM_antihack.exe · tribute_sent a jugador 6 |
| 26:15 | BøM_antihack.exe · tribute_sent a jugador 7 |
| 26:15 | BøM_antihack.exe · tribute_sent a jugador 8 |
| 26:35 | BøM_antihack.exe · age_up imperial |
| 26:51 | BøM_antihack.exe · first_market_sell 500 wood |
| 26:51 | BøM_antihack.exe · first_market_buy 100 food |
| 27:31 | BøM_antihack.exe · first_building Monastery |
| 27:49 | 鋼鐵藍腳頭 · first_building Monastery |
| 28:32 | OIDA | Gleipdonir · age_up imperial |
| 29:15 | OIDA | Tasty · wall_segment Palisade Wall x1 |
| 29:57 | Hansdampf · wall_segment Stone Wall x1 |
| 31:33 | 鋼鐵藍腳頭 · wall_segment Palisade Wall x1 |
| 31:54 | OIDA | Tasty · first_building Siege Workshop |
| 32:03 | OIDA | onkyox · age_up imperial |
| 32:09 | OIDA | Gleipdonir · first_building Siege Workshop |
| 32:16 | IamSheuu · first_building Barracks |
| 32:20 | 鋼鐵藍腳頭 · age_up imperial |
| 32:34 | Hansdampf · wall_segment Stone Wall x1 |
| 32:35 | Hansdampf · wall_segment Stone Wall x1 |
| 32:40 | Hansdampf · wall_segment Stone Wall x1 |
| 32:41 | Hansdampf · wall_segment Stone Wall x1 |
| 32:52 | IamSheuu · first_building Castle |
| 33:00 | IamSheuu · first_building Stable |
| 34:10 | IamSheuu · wall_segment Stone Wall x11 |
| 34:16 | IamSheuu · wall_segment Stone Wall x1 |
| 34:19 | IamSheuu · wall_segment Stone Wall x1 |
| 35:51 | OIDA | Tasty · first_building Barracks |
| 36:42 | 鋼鐵藍腳頭 · first_building Castle |
| 37:46 | IamSheuu · first_building Archery Range |
| 37:53 | BøM_antihack.exe · tribute_sent a jugador 1 |
| 37:53 | BøM_antihack.exe · tribute_sent a jugador 2 |
| 37:53 | BøM_antihack.exe · tribute_sent a jugador 4 |
| 37:53 | BøM_antihack.exe · tribute_sent a jugador 5 |
| 37:53 | BøM_antihack.exe · tribute_sent a jugador 6 |
| 37:53 | BøM_antihack.exe · tribute_sent a jugador 7 |
| 37:53 | BøM_antihack.exe · tribute_sent a jugador 8 |
| 38:34 | OIDA | Tasty · first_building Stable |
| 39:03 | BøM_antihack.exe · first_building Barracks |
| 39:34 | BøM_antihack.exe · wall_segment Stone Wall x1 |
| 39:54 | IamSheuu · wall_segment Stone Wall x4 |
| 40:21 | OIDA | Tasty · wall_segment Stone Wall x2 |
| 40:34 | IamSheuu · wall_segment Stone Wall x1 |
| 40:37 | IamSheuu · wall_segment Stone Wall x4 |
| 40:41 | Hansdampf · wall_segment Stone Wall x13 |
| 40:48 | 鋼鐵藍腳頭 · first_market_sell 100 wood |
| 41:02 | IamSheuu · wall_segment Stone Wall x1 |
| 41:04 | IamSheuu · wall_segment Stone Wall x4 |
| 41:08 | IamSheuu · wall_segment Stone Wall x1 |
| 41:13 | IamSheuu · wall_segment Stone Wall x1 |
| 41:43 | IamSheuu · wall_segment Stone Wall x9 |
| 41:51 | OIDA | onkyox · tribute_sent a jugador 1 |
| 41:51 | OIDA | onkyox · tribute_sent a jugador 2 |
| 41:51 | OIDA | onkyox · tribute_sent a jugador 3 |
| 41:51 | OIDA | onkyox · tribute_sent a jugador 4 |
| 41:51 | OIDA | onkyox · tribute_sent a jugador 5 |
| 41:51 | OIDA | onkyox · tribute_sent a jugador 6 |
| 41:51 | OIDA | onkyox · tribute_sent a jugador 7 |
| 42:36 | BøM_antihack.exe · tribute_sent a jugador 1 |
| 42:36 | BøM_antihack.exe · tribute_sent a jugador 2 |
| 42:36 | BøM_antihack.exe · tribute_sent a jugador 4 |
| 42:36 | BøM_antihack.exe · tribute_sent a jugador 5 |
| 42:36 | BøM_antihack.exe · tribute_sent a jugador 6 |
| 42:36 | BøM_antihack.exe · tribute_sent a jugador 7 |
| 42:36 | BøM_antihack.exe · tribute_sent a jugador 8 |
| 42:48 | BøM_antihack.exe · wall_segment Stone Wall x1 |
| 42:49 | BøM_antihack.exe · wall_segment Stone Wall x1 |
| 43:24 | OIDA | onkyox · first_building Archery Range |
| 43:45 | BøM_antihack.exe · tribute_sent a jugador 1 |
| 43:45 | BøM_antihack.exe · tribute_sent a jugador 2 |
| 43:45 | BøM_antihack.exe · tribute_sent a jugador 4 |
| 43:45 | BøM_antihack.exe · tribute_sent a jugador 5 |
| 43:45 | BøM_antihack.exe · tribute_sent a jugador 6 |
| 43:45 | BøM_antihack.exe · tribute_sent a jugador 7 |
| 43:45 | BøM_antihack.exe · tribute_sent a jugador 8 |
| 43:55 | BøM_八府巡案包龍星 · age_up imperial |
| 44:02 | BøM_antihack.exe · tribute_sent a jugador 1 |
| 44:02 | BøM_antihack.exe · tribute_sent a jugador 2 |
| 44:02 | BøM_antihack.exe · tribute_sent a jugador 4 |
| 44:02 | BøM_antihack.exe · tribute_sent a jugador 5 |
| 44:02 | BøM_antihack.exe · tribute_sent a jugador 6 |
| 44:02 | BøM_antihack.exe · tribute_sent a jugador 7 |
| 44:02 | BøM_antihack.exe · tribute_sent a jugador 8 |
| 44:07 | BøM_八府巡案包龍星 · first_market_sell 500 wood |
| 44:49 | IamSheuu · wall_segment Stone Wall x11 |
| 45:16 | BøM_antihack.exe · tribute_sent a jugador 1 |
| 45:16 | BøM_antihack.exe · tribute_sent a jugador 2 |
| 45:16 | BøM_antihack.exe · tribute_sent a jugador 4 |
| 45:16 | BøM_antihack.exe · tribute_sent a jugador 5 |
| 45:16 | BøM_antihack.exe · tribute_sent a jugador 6 |
| 45:16 | BøM_antihack.exe · tribute_sent a jugador 7 |
| 45:16 | BøM_antihack.exe · tribute_sent a jugador 8 |
| 45:34 | Hansdampf · age_up imperial |
| 47:16 | BøM_antihack.exe · tribute_sent a jugador 1 |
| 47:16 | BøM_antihack.exe · tribute_sent a jugador 2 |
| 47:16 | BøM_antihack.exe · tribute_sent a jugador 4 |
| 47:16 | BøM_antihack.exe · tribute_sent a jugador 5 |
| 47:16 | BøM_antihack.exe · tribute_sent a jugador 6 |
| 47:16 | BøM_antihack.exe · tribute_sent a jugador 7 |
| 47:16 | BøM_antihack.exe · tribute_sent a jugador 8 |
| 48:15 | BøM_八府巡案包龍星 · first_building Siege Workshop |
| 48:23 | Hansdampf · first_building Barracks |
| 50:25 | OIDA | Gleipdonir · first_building Archery Range |
| 51:59 | OIDA | Tasty · first_building Archery Range |
| 53:15 | 鋼鐵藍腳頭 · first_market_buy 100 stone |
| 54:38 | OIDA | Gleipdonir · tribute_sent a jugador 1 |
| 54:38 | OIDA | Gleipdonir · tribute_sent a jugador 2 |
| 54:38 | OIDA | Gleipdonir · tribute_sent a jugador 3 |
| 54:38 | OIDA | Gleipdonir · tribute_sent a jugador 5 |
| 54:38 | OIDA | Gleipdonir · tribute_sent a jugador 6 |
| 54:38 | OIDA | Gleipdonir · tribute_sent a jugador 7 |
| 54:38 | OIDA | Gleipdonir · tribute_sent a jugador 8 |
| 58:50 | Hansdampf · wall_segment Stone Wall x5 |
| 59:11 | Hansdampf · wall_segment Stone Wall x1 |
| 61:12 | Hansdampf · wall_segment Stone Wall x1 |
| 61:13 | Hansdampf · wall_segment Stone Wall x1 |
| 61:21 | Hansdampf · wall_segment Stone Wall x1 |
| 63:07 | OIDA | Tasty · resign |
[ ANÁLISIS IA · 1 CRÉDITO ]
¿Qué pasó realmente en esta partida?
Wolo.gg analiza cada decisión: build order, eco, micro, errores típicos por bracket. Análisis personalizado por WhatsApp o Discord en 30 segundos.
Guía civ
Cumanos
Perfil
Jugador #6757658